Map: Hard Lead LE

Players

SubN

  • Race: Zerg Zerg
  • League: Diamond
  • Spawn Location: 5:00

cheeks - Winner!

  • Race: Terran Terran
  • League: Diamond
  • Spawn Location: 11:00

VOD

Have the link to the VOD?

Description

Time

  • Played on: Dec. 26, 2023, 11:57 p.m.
  • Length: 12:11
Show
View Real Time Build Order
Export as new Build Order

SubN Zerg 

Build Orders: Hatch First 

Get SALT Encoding   

  12  0:00  Drone  
  13  0:12  Overlord  
  13  0:17  Drone  
  14  0:30  Drone x2  
  16  0:51  Hatchery  
  16  0:52  Drone  
  16  0:55  Drone  
  17  0:59  Drone  
  17  1:02  Extractor  
  17  1:15  Spawning Pool  
  16  1:19  Drone  
  16  1:22  Drone  
  18  1:28  Drone  
  19  1:38  Drone  
  20  1:49  Overlord  
  20  2:04  Queen x2  
  24  2:12  Metabolic Boost  
  24  2:14  Zergling x2  
  24  2:15  Zergling x4  
  27  2:20  Drone  
  28  2:27  Extractor  
  28  2:38  Hatchery  
  27  2:46  Queen  
  27  2:47  Drone  
  27  2:48  Drone  
  31  2:53  Drone x2  
  33  2:58  Overlord  
  33  3:03  Overlord  
  33  3:09  Drone x2  
  35  3:21  Drone x5  
  35  3:24  Overlord  
  40  3:32  Drone x2  
  42  3:34  Queen  
  44  3:50  Drone x2  
  44  3:51  Queen  
  48  4:02  Drone x7  
  55  4:07  Drone  
  56  4:13  Roach Warren, Queen  
  57  4:20  Spore Crawler  
  57  4:21  Spore Crawler  
  55  4:24  Drone x2, Spore Crawler  
  55  4:25  Drone  
  57  4:37  Overlord x3  
  57  4:38  Overlord  
  57  4:48  Drone  
  57  4:51  Extractor  
  57  4:54  Drone x2, Extractor  
  57  4:55  Extractor x2, Queen  
  57  4:56  Extractor  
  57  5:04  Drone x9  
  66  5:14  Drone x9  
  75  5:21  Roach  
  77  5:31  Spore Crawler  
  77  5:33  Drone x2  
  77  5:34  Drone x4  
  82  5:37  Drone x2  
  82  5:38  Drone x2  
  82  5:40  Drone  
  82  5:41  Overlord  
  84  6:03  Roach x6  
  84  6:04  Roach  
  98  6:16  Evolution Chamber  
  98  6:17  Hatchery  
  98  6:18  Evolution Chamber  
  95  6:33  Lair  
  95  6:35  Drone  
  96  6:43  Roach  
  98  6:47  Overlord x4  
  98  6:48  Overlord x2  
  98  6:50  Spore Crawler  
  98  6:53  Drone  
  98  6:56  Baneling Nest  
  98  6:57  Drone  
  98  7:07  Zerg Missile Weapons Level 1  
  98  7:08  Zerg Ground Armor Level 1  
  98  7:16  Hatchery  
  98  7:19  Drone  
  98  7:20  Overlord x3  
  98  7:22  Roach  
  100  7:23  Roach x11  
  100  7:26  Ravager  
  100  7:27  Ravager x8  
  131  7:32  Drone  
  131  7:34  Drone x2  
  134  7:49  Zergling x2  
  134  7:50  Zergling x14  
  142  8:04  Zergling x10  
  120  8:36  Hatchery  
  120  8:37  Drone x2  
  120  8:39  Drone  
  104  8:47  Centrifugal Hooks  
  104  8:48  Glial Reconstitution  
  100  9:02  Zergling x8, Zerg Melee Weapons Level 1  
  105  9:03  Zergling x12  
  105  9:05  Queen  
  105  9:06  Hatchery  
  105  9:07  Queen  
  105  9:09  Queen  
  115  9:14  Roach  
  115  9:15  Roach x4  
  125  9:19  Zergling x2  
  125  9:20  Zergling x4  
  128  9:25  Overseer x2  
  128  9:27  Overseer x2  
  82  9:50  Zergling x8  
  82  9:51  Zergling x20  
  96  9:56  Drone x2  
  96  9:57  Drone  
  99  10:00  Baneling x2  
  99  10:01  Baneling x4  
  99  10:09  Queen  
  99  10:10  Drone x2  
  99  10:12  Drone  
  104  10:15  Infestation Pit  
  103  10:21  Queen  
  103  10:23  Drone x11  
  103  10:27  Extractor  
  115  10:29  Extractor  
  115  10:33  Hydralisk Den  
  115  10:34  Drone x5  
  118  10:37  Drone  
  118  10:38  Spore Crawler  
  118  10:53  Zergling x6  
  118  10:54  Zergling x14  
  118  10:56  Baneling x14  
  118  10:57  Baneling x10  
  126  11:11  Hydralisk x6  
  133  11:31  Hydralisk x10  
  133  11:32  Hydralisk x7  
  167  11:41  Drone  
  167  11:42  Drone  
  167  11:43  Drone x2, Extractor  
  170  11:51  Overlord x3  
  170  11:52  Overlord  
  160  12:08  Hatchery  
Show
View Real Time Build Order
Export as new Build Order

cheeks Terran - Winner!

Build Orders: Reaper Expand, Hellion Banshee 

Get SALT Encoding   

  12  0:00  SCV  
  13  0:12  SCV  
  14  0:19  Supply Depot  
  14  0:24  SCV  
  15  0:41  SCV  
  15  0:42  Barracks  
  16  0:47  Refinery  
  16  0:53  SCV  
  17  1:05  SCV  
  18  1:17  SCV  
  19  1:29  Orbital Command, Reaper  
  20  1:40  Command Center  
  20  1:50  Supply Depot  
  20  1:55  SCV  
  21  2:01  Marine  
  21  2:07  SCV  
  23  2:10  Factory  
  23  2:19  SCV  
  24  2:24  Barracks Reactor  
  24  2:32  SCV  
  25  2:44  Command Center  
  25  2:46  SCV  
  26  2:53  Orbital Command  
  26  3:02  SCV  
  26  3:05  Starport  
  27  3:13  Refinery  
  27  3:14  SCV  
  27  3:18  Hellion  
  27  3:19  Hellion  
  32  3:21  SCV  
  32  3:25  Barracks Tech Lab  
  33  3:33  SCV  
  34  3:37  SCV  
  34  3:41  Hellion x2  
  39  3:48  SCV  
  40  3:51  SCV  
  41  3:57  Orbital Command  
  41  3:58  Cloaking Field  
  41  4:01  Banshee  
  41  4:02  SCV  
  45  4:04  Hellion  
  45  4:05  Hellion  
  45  4:07  Barracks Tech Lab  
  49  4:10  SCV  
  49  4:14  SCV  
  51  4:22  SCV  
  51  4:23  SCV  
  53  4:26  Supply Depot x2, SCV  
  54  4:32  Barracks  
  54  4:36  Orbital Command  
  54  4:37  Factory Reactor  
  54  4:38  SCV  
  56  4:44  Stimpack, Barracks  
  55  4:51  Banshee  
  58  4:55  SCV x2  
  58  4:59  Engineering Bay  
  60  5:01  Engineering Bay  
  60  5:02  SCV  
  61  5:07  SCV  
  61  5:08  SCV  
  61  5:10  Refinery x2  
  63  5:19  Marine  
  63  5:20  Marine  
  63  5:21  SCV  
  66  5:28  Terran Infantry Armor Level 1, Terran Infantry Weapons Level 1  
  66  5:36  Barracks  
  66  5:39  Barracks  
  66  5:48  Marine  
  66  5:49  Marine  
  65  5:51  SCV x2  
  65  5:52  Starport Reactor, SCV  
  62  6:01  Marine x2, Siege Tank  
  62  6:03  SCV x2  
  69  6:07  SCV  
  69  6:09  Marine x3  
  73  6:13  Supply Depot  
  73  6:19  Marine x2  
  73  6:20  SCV x2  
  77  6:26  Barracks Reactor x2, Armory  
  77  6:27  Supply Depot  
  77  6:30  Refinery  
  77  6:31  Refinery  
  77  6:35  Marine, SCV x2  
  77  6:38  Marine x3  
  83  6:43  Marine  
  83  6:44  SCV  
  83  6:46  Supply Depot  
  85  6:48  Combat Shield, Medivac x2  
  85  6:49  Siege Tank, SCV  
  85  6:50  Supply Depot  
  93  7:03  Marine x8  
  93  7:07  Marine, SCV x3  
  105  7:11  Supply Depot  
  105  7:19  SCV x2, Medivac x2  
  105  7:21  SCV  
  105  7:22  Terran Infantry Weapons Level 2  
  112  7:30  Marine x5  
  112  7:33  Siege Tank  
  112  7:34  Terran Vehicle Weapons Level 1  
  112  7:35  Command Center  
  120  7:37  Supply Depot  
  120  7:38  Supply Depot  
  120  7:44  Marine x2  
  120  7:47  Marine x2  
  120  7:49  SCV  
  125  7:51  Factory  
  125  7:58  Marine, SCV x2  
  125  7:59  Marine  
  125  8:03  Marine x2  
  125  8:05  Siege Tank  
  134  8:13  Marine x3  
  134  8:15  Marine  
  134  8:16  Marine, Medivac x2  
  134  8:19  Marine x2  
  128  8:29  Marine x2  
  128  8:32  Marine x2  
  128  8:33  Concussive Shells  
  130  8:34  SCV  
  130  8:37  Marine x3  
  130  8:38  SCV, Siege Tank, Factory Tech Lab  
  130  8:39  SCV  
  130  8:41  Terran Infantry Armor Level 2  
  132  8:45  Marine x2  
  132  8:46  SCV  
  127  8:50  Medivac x2  
  127  8:51  SCV x2  
  133  8:57  Marine x2  
  133  8:58  SCV, Siege Tank  
  133  9:01  Supply Depot  
  139  9:03  Refinery, Supply Depot, SCV x2  
  139  9:07  Marine x3  
  144  9:13  Planetary Fortress  
  144  9:20  Marine x2  
  144  9:21  Siege Tank  
  144  9:22  Marine  
  144  9:23  Medivac x2  
  154  9:25  Marine  
  154  9:30  Marine  
  156  9:31  Marine x2  
  156  9:34  Marine x2  
  156  9:36  Siege Tank  
  156  9:38  Marine  
  149  9:41  Barracks  
  149  9:44  SCV  
  150  9:46  Barracks  
  150  9:48  Barracks  
  150  9:51  Supply Depot  
  150  9:52  Supply Depot  
  150  9:53  SCV  
  150  9:54  SCV x2  
  153  10:07  Marauder, Marine x2  
  153  10:12  Marine x4  
  153  10:13  Siege Tank x2  
  153  10:14  Liberator  
  170  10:19  SCV  
  170  10:20  SCV  
  172  10:28  Refinery  
  172  10:29  Marauder  
  172  10:32  Command Center  
  174  10:37  Barracks Tech Lab x2  
  174  10:38  Barracks Tech Lab  
  174  10:40  Marine x2  
  174  10:41  Marine x3  
  179  10:45  Supply Depot  
  179  10:47  Marine x3  
  179  10:49  Supply Depot  
  182  10:50  Marauder  
  182  10:57  Marine x2  
  184  10:58  Marine x2  
  188  11:06  Marine x2, Siege Tank x2  
  188  11:10  Marine x2  
  188  11:11  Marauder  
  200  11:28  Command Center  
  200  11:37  Marine  
  200  11:38  Marauder  
Tags
 
Add a new tag
Caveats
  • Supply blocks, unpowered buildings, or Contaminate may cause inaccurate times.
  • Supply counts are checked every 10 seconds.